 Dungeon Crawl Stone Soup version 0.29.0-4-gdea44cf6ec (webtiles) character file.

Game seed: 1591801655327028441

3549 qw the Cleaver (level 10, -6/60 HPs)
             Began as a Tengu Warper on Aug 28, 2022.
             Was a Priest of Okawaru.
             Killed from afar by an electric eel (10 damage)
             ... with a bolt of electricity
             ... on level 8 of the Dungeon.
             The game lasted 00:00:54 (10281 turns).

qw the Cleaver (Tengu Warper)                      Turns: 10281, Time: 00:00:55

Health: -6/60      AC: 14    Str: 15    XL:     10   Next: 9%
Magic:  13/14      EV: 15    Int: 13    God:    Okawaru [***...]
Gold:   465        SH:  6    Dex: 15    Spells: 13/13 levels left

rFire   . . .      SeeInvis +   Y - +0 war axe (venom)
rCold   . . .      Faith    .   k - +0 buckler
rNeg    . . .      Spirit   .   a - +1 chain mail {rPois}
rPois   +          Reflect  .   (helmet restricted)
rElec   .          Harm     .   i - +0 cloak
rCorr   .          Rampage  .   (no gloves)
Will    .....                   (boots unavailable)
Stlth   ..........              (no amulet)
HPRegen 0.20/turn               e - ring of see invisible
MPRegen 0.14/turn               g - +4 ring of evasion

@: heroic, flying quickly and evasively, quick
A: beak, talons 3, nimble flight
a: Renounce Religion, Heroism


You were on level 8 of the Dungeon.
You worshipped Okawaru.
Okawaru was most pleased with you.
You visited 1 branch of the dungeon, and saw 8 of its levels.

You collected 465 gold pieces.


Innate Abilities, Weirdness & Mutations

You have a beak for a mouth.
You have claws for feet.
Your magical nature lets you fly swiftly and evasively.


   Skills:
 - Level 5.9(10.9) Fighting
 + Level 11.4(16.4) Axes
 - Level 1.0(6.0) Throwing
 - Level 4.8(9.8) Armour
 - Level 3.5(8.5) Dodging
 - Level 3.4(8.4) Shields
 - Level 2.0 Spellcasting
 - Level 2.4 Translocations
 - Level 4.1 Invocations


You had 13 spell levels left.
You didn't know any spells.
Your spell library contained the following spells:

 Spells                   Type           Power      Damage    Failure   Level
 Blink                    Tloc           14%        N/A       92%         2
 Gell's Gravitas          Tloc           7%         N/A       99%         3
 Lesser Beckoning         Tloc           7%         N/A       99%         3
 Teleport Other           Tloc           7%         N/A       99%         3
 Manifold Assault         Tloc           7%         N/A       100%        5

Inventory:

Hand Weapons
 d - a +1 morningstar of protection
 Y - a +0 war axe of venom (weapon)
Missiles
 m - a boomerang (quivered)
Armour
 a - a +1 chain mail of poison resistance (worn)
 i - a +0 cloak (worn)
 k - a +0 buckler (worn)
Jewellery
 b - a ring of fire
 c - a ring of protection from fire
 e - a ring of see invisible (left hand)
 g - a +4 ring of evasion (right hand)
 n - a ring of protection from cold
Scrolls
 j - a scroll of identify
Potions
 f - 4 potions of curing
 h - a potion of resistance

Dungeon Overview and Level Annotations

Branches:
Dungeon (8/15)             Temple (0/1) D:4
   Lair: D:8-11

Altars:
Ashenzari
Gozag
Hepliaklqana
Nemelex Xobeh
Okawaru
Sif Muna

Shops:
D:7 *

Annotations:
D:4 3 runed translucent doors, qw's ghost, weakling TeWr


Message History

You destroy the necrophage!
Okawaru accepts your kill.
You hit the steam dragon but do no damage.
The steam dragon looks as sick as possible!
You are engulfed in a cloud of scalding steam.
A nearby plant withers and dies.
The steam dragon closely misses you. The steam dragon claws you.
The electric eel shoots out a bolt of lightning at you!
The bolt of electricity misses you.
You slash the steam dragon!
The steam dragon looks as sick as possible!
The steam dragon is heavily wounded.
You are engulfed in a cloud of scalding steam.
You block the steam dragon's attack. The steam dragon barely misses you.
The electric eel shoots out a bolt of lightning at you!
The bolt of electricity hits the electric eel.
The electric eel completely resists.
The bolt of electricity hits you!
The electric eel shoots out a bolt of lightning at you!
The bolt of electricity hits you.
You slash the steam dragon!
The steam dragon looks as sick as possible!
You claw the steam dragon, but do no damage.
Your peck misses the steam dragon.
The steam dragon is almost dead.
The steam dragon breathes steam at you. The ball of steam hits you!
You hear a shout! x2
You slash the steam dragon!
You kill the steam dragon!
Okawaru accepts your kill.
You are engulfed in a cloud of scalding steam.
The electric eel shoots out a bolt of lightning at you!
The bolt of electricity hits the electric eel.
The electric eel completely resists.
The bolt of electricity misses you.
You slash the electric eel!
You kill the electric eel!
Okawaru accepts your kill.
The electric eel shoots out a bolt of lightning at you!
The bolt of electricity hits you!
You die...

#....####
#....+
#....####7
#........7
#.....##.7
###+#.#
#.¤.##
####¤.7
#@¤.)#7
~.~~.S~=¤%##
.~~~~~....#
.~~~~.~77.#
~~~~~~~ 7.#
~.~~~~~ ..#
~~.~.~~ ###
.7..7..


You could see an electric eel.

Vanquished Creatures
  Joseph (D:7)
  Maggie (D:7)
  A shadow (D:7)
  A steam dragon (D:8)
  Menkaure (D:6)
  2 water moccasins
  Duvessa (D:5)
  2 sky beasts (D:7)
  2 ogres
  4 phantoms
  A kobold brigand (D:7)
  2 bullfrogs
  3 necrophages
  3 scorpions
  Dowan (D:5)
  6 wights
  A howler monkey (D:4)
  An electric eel (D:8)
  4 hounds
  A jelly (D:7)
  2 orc priests
  Natasha (D:2)
  2 iguanas
  6 orc wizards
  A gnoll (D:8)
  10 adders
  A shadow imp (D:6)
  A white imp (D:7)
  An ufetubus (D:4)
  22 orcs
  6 bats
  2 endoplasms (D:2)
  2 giant cockroaches
  7 goblins
  8 hobgoblins
  14 kobolds
  4 quokkas
  7 ball pythons
  4 frilled lizards
  6 rats
146 creatures vanquished.

Vanquished Creatures (others)
  An electric eel (D:8)
  2 plants (D:8)
3 creatures vanquished.

Grand Total: 149 creatures vanquished

Notes
Turn   | Place    | Note
-------+----------+-------------------------------------------
     0 | D:1      | qw the Tengu Warper began the quest for the Orb.
     0 | D:1      | Reached XP level 1. HP: 12/12 MP: 4/4
     0 | D:1      | 0 ||| qw: Version: 0.1-a-89-g26bdef1
     0 | D:1      | 0 ||| qw: Game counter: 2222
     0 | D:1      | 0 ||| qw: Always use a shield: true
     0 | D:1      | 0 ||| qw: God list: Okawaru
     0 | D:1      | 0 ||| qw: Allow faded altars: false
     0 | D:1      | 0 ||| qw: Do Orc after D:15 true
     0 | D:1      | 0 ||| qw: Do second Lair branch before Depths: true
     0 | D:1      | 0 ||| qw: Lair rune preference: random
     0 | D:1      | 0 ||| qw: Plans: Normal
     0 | D:1      | 0 ||| PLANNING D:1-11
    58 | D:1      | Reached XP level 2. HP: 17/17 MP: 6/6
    64 | D:1      | Reached skill level 3 in Axes
   790 | D:1      | 790 ||| READING scroll labelled TUCUAL TE HANE.
   795 | D:1      | 795 ||| READING scroll labelled UNGI FEIN MAL.
   796 | D:1      | 796 ||| READING scroll labelled NOYGGATWOO.
   797 | D:1      | 797 ||| DROPPING scroll of blinking.
   949 | D:2      | Reached XP level 3. HP: 17/21 MP: 7/7
  1040 | D:2      | 1040 ||| STAIRDANCE
  1252 | D:1      | 1252 ||| READING scroll labelled MEMEUNEAXU.
  1253 | D:1      | 1253 ||| READING scroll labelled VEFICWE INIGA.
  1281 | D:2      | Noticed Natasha
  1282 | D:2      | 1282 ||| Stepping ~*~*~tactically~*~*~ (hiding).
  1384 | D:2      | 1384 ||| Stepping ~*~*~tactically~*~*~ (hiding).
  1388 | D:2      | HP: 5/21 [Natasha (6)]
  1389 | D:2      | Killed Natasha
  1390 | D:2      | Reached skill level 4 in Axes
  1741 | D:2      | Found a shimmering blue altar of Sif Muna.
  1884 | D:2      | 1884 ||| DROPPING +0 club.
  1903 | D:2      | Reached XP level 4. HP: 21/26 MP: 8/8
  2480 | D:2      | 2480 ||| Stepping ~*~*~tactically~*~*~ (water).
  2756 | D:2      | 2756 ||| UPGRADING to +0 chain mail.
  2766 | D:2      | 2766 ||| DROPPING +0 leather armour.
  2767 | D:2      | 2767 ||| READING scroll labelled XOOBRY KOIRUFU.
  2933 | D:3      | Found a faded altar of an unknown god.
  2934 | D:3      | 2934 ||| Stepping ~*~*~tactically~*~*~ (stealth).
  2936 | D:3      | 2936 ||| Stepping ~*~*~tactically~*~*~ (stealth).
  2948 | D:3      | Reached skill level 5 in Axes
  2948 | D:3      | 2948 ||| FLEEEEING.
  2952 | D:3      | 2952 ||| STAIRDANCE
  3041 | D:3      | 3041 ||| STAIRDANCE
  3262 | D:3      | 3262 ||| Stepping ~*~*~tactically~*~*~ (stealth).
  3270 | D:3      | 3270 ||| Stepping ~*~*~tactically~*~*~ (stealth).
  3275 | D:3      | 3275 ||| FLEEEEING.
  3276 | D:3      | 3276 ||| FLEEEEING.
  3285 | D:3      | 3285 ||| FLEEEEING.
  3286 | D:3      | 3286 ||| FLEEEEING.
  3287 | D:3      | 3287 ||| STAIRDANCE
  3422 | D:3      | 3422 ||| STAIRDANCE
  3427 | D:2      | 3427 ||| SWAPPING to +0 war axe.
  3428 | D:2      | 3428 ||| DROPPING +1 hand axe of protection.
  3432 | D:3      | 3432 ||| Stepping ~*~*~tactically~*~*~ (hiding).
  3437 | D:3      | Gained mutation: Your magical nature lets you fly swiftly
                  | and evasively. [Tengu growth]
  3437 | D:3      | Reached XP level 5. HP: 15/30 MP: 9/9
  3480 | D:3      | 3480 ||| FLEEEEING.
  3481 | D:3      | 3481 ||| FLEEEEING.
  3482 | D:3      | 3482 ||| FLEEEEING.
  3483 | D:3      | 3483 ||| STAIRDANCE
  3700 | D:3      | 3700 ||| DROPPING +1 vampiric whip.
  3775 | D:3      | Reached skill level 6 in Axes
  4161 | D:3      | Found an iron altar of Okawaru.
  4175 | D:3      | Became a worshipper of Warmaster Okawaru
  4473 | D:3      | 4473 ||| UPGRADING to +0 cloak.
  4478 | D:3      | 4478 ||| READING scroll labelled FIDDID DE PUO.
  4479 | D:3      | 4479 ||| READING scroll labelled GURYAQ ICSAPP.
  4480 | D:3      | 4480 ||| READING scroll labelled MAQAVI ZARPHI.
  4481 | D:3      | 4481 ||| DRINKING 2 golden potions.
  4512 | D:4      | Reached XP level 6. HP: 32/35 MP: 10/10
  4546 | D:4      | Noticed a water moccasin
  4557 | D:4      | Killed a water moccasin
  4558 | D:4      | Reached skill level 7 in Axes
  4561 | D:4      | HP: 8/35 [poisoned by a water moccasin]
  4576 | D:4      | 4576 ||| Stepping ~*~*~tactically~*~*~ (stealth).
  4577 | D:4      | 4577 ||| Stepping ~*~*~tactically~*~*~ (stealth).
  4739 | D:4      | 4739 ||| Stepping ~*~*~tactically~*~*~ (stealth).
  4859 | D:4      | 4859 ||| Stepping ~*~*~tactically~*~*~ (hiding).
  4860 | D:4      | 4860 ||| Stepping ~*~*~tactically~*~*~ (hiding).
  4861 | D:4      | 4861 ||| Stepping ~*~*~tactically~*~*~ (hiding).
  4987 | D:4      | Found a runed translucent gate.
  4987 | D:4      | Found a runed translucent gate.
  4987 | D:4      | Found a runed translucent gate.
  4988 | D:4      | Found an opulent altar of Gozag.
  5047 | D:4      | Found a hazy altar of Hepliaklqana.
  5074 | D:4      | 5074 ||| Stepping ~*~*~tactically~*~*~ (stealth).
  5086 | D:4      | Found a staircase to the Ecumenical Temple.
  5265 | D:4      | Reached * piety under Okawaru
  5266 | D:4      | Reached skill level 3 in Fighting
  5266 | D:4      | Reached XP level 7. HP: 26/41 MP: 11/11
  5266 | D:4      | 5266 ||| INVOKING Heroism.
  5268 | D:4      | Reached skill level 1 in Invocations
  5394 | D:4      | Found a broken altar of Ashenzari.
  5475 | D:4      | Noticed qw's ghost (weakling TeWr)
  5554 | D:4      | 5554 ||| UPGRADING to +0 buckler.
  5559 | D:4      | 5559 ||| UPGRADING to ring of protection from fire.
  5560 | D:4      | 5560 ||| UPGRADING to +4 ring of evasion.
  5561 | D:4      | 5561 ||| READING scroll labelled ELU DADGHUSH.
  5562 | D:4      | 5562 ||| READING scroll labelled HOSHRIUCANI.
  5563 | D:4      | 5563 ||| DRINKING 2 glowing emerald potions.
  5564 | D:4      | 5564 ||| READING 2 scrolls of identify.
  5564 | D:4      | 5564 ||| IDENTIFYING fizzy coppery potion
  5565 | D:4      | 5565 ||| DROPPING potion of attraction.
  5566 | D:4      | 5566 ||| Stepping randomly (stuck).
  5567 | D:4      | 5567 ||| Stepping ~*~*~tactically~*~*~ (cloud).
  5764 | D:5      | Entered Level 5 of the Dungeon
  5765 | D:5      | 5765 ||| INVOKING Heroism.
  5766 | D:5      | 5766 ||| STAIRDANCE
  5774 | D:4      | Reached skill level 1 in Shields
  5793 | D:5      | 5793 ||| STAIRDANCE
  5875 | D:5      | 5875 ||| STAIRDANCE
  5891 | D:5      | 5891 ||| STAIRDANCE
  5984 | D:5      | 5984 ||| STAIRDANCE
  6087 | D:5      | 6087 ||| STAIRDANCE
  6127 | D:4      | 6127 ||| UPGRADING to +1 chain mail of poison resistance.
  6137 | D:4      | 6137 ||| DROPPING +0 chain mail.
  6155 | D:5      | 6155 ||| Stepping ~*~*~tactically~*~*~ (stealth).
  6157 | D:5      | 6157 ||| Stepping ~*~*~tactically~*~*~ (stealth).
  6159 | D:5      | 6159 ||| Stepping ~*~*~tactically~*~*~ (stealth).
  6161 | D:5      | 6161 ||| Stepping ~*~*~tactically~*~*~ (stealth).
  6173 | D:5      | 6173 ||| FLEEEEING.
  6174 | D:5      | 6174 ||| FLEEEEING.
  6175 | D:5      | 6175 ||| STAIRDANCE
  6408 | D:5      | Reached XP level 8. HP: 45/46 MP: 12/12
  6434 | D:5      | 6434 ||| Stepping ~*~*~tactically~*~*~ (hiding).
  6435 | D:5      | 6435 ||| Stepping ~*~*~tactically~*~*~ (hiding).
  6442 | D:5      | Reached skill level 3 in Invocations
  6442 | D:5      | 6442 ||| Stepping ~*~*~tactically~*~*~ (hiding).
  6506 | D:5      | Noticed Duvessa
  6507 | D:5      | 6507 ||| INVOKING Heroism.
  6507 | D:5      | Noticed Dowan
  6508 | D:5      | 6508 ||| Stepping ~*~*~tactically~*~*~ (stealth).
  6509 | D:5      | 6509 ||| Stepping ~*~*~tactically~*~*~ (stealth).
  6513 | D:5      | 6513 ||| Stepping ~*~*~tactically~*~*~ (stealth).
  6519 | D:5      | Killed Duvessa
  6519 | D:5      | Reached ** piety under Okawaru
  6520 | D:5      | Reached skill level 8 in Axes
  6554 | D:5      | 6554 ||| Stepping ~*~*~tactically~*~*~ (hiding).
  6555 | D:5      | 6555 ||| INVOKING Heroism.
  6570 | D:5      | Found a sparkling altar of Nemelex Xobeh.
  6575 | D:5      | Killed Dowan
  6608 | D:5      | 6608 ||| INVOKING Heroism.
  6618 | D:5      | 6618 ||| Stepping ~*~*~tactically~*~*~ (stealth).
  6623 | D:5      | Reached skill level 3 in Armour
  6626 | D:5      | 6626 ||| INVOKING Heroism.
  6662 | D:5      | 6662 ||| Stepping ~*~*~tactically~*~*~ (stealth).
  6689 | D:5      | Reached skill level 9 in Axes
  6970 | D:5      | 6970 ||| UPGRADING to ring of see invisible.
  6972 | D:5      | 6972 ||| READING scroll labelled RUMESCHUOMP.
  7160 | D:6      | 7160 ||| INVOKING Heroism.
  7480 | D:6      | Noticed Menkaure
  7481 | D:6      | 7481 ||| INVOKING Heroism.
  7489 | D:6      | Killed Menkaure
  7490 | D:6      | Reached XP level 9. HP: 37/52 MP: 11/13
  7581 | D:6      | 7581 ||| READING scroll of brand weapon.
  7581 | D:6      | 7581 ||| BRANDING +0 war axe.
  7800 | D:6      | Reached skill level 10 in Axes
  7985 | D:6      | 7985 ||| INVOKING Heroism.
  7991 | D:6      | Reached skill level 3 in Shields
  8287 | D:6      | 8287 ||| READING scroll labelled SUGEAM OGADE.
  8388 | D:6      | 8388 ||| DRINKING 2 sapphire potions.
  8489 | D:6      | 8489 ||| READING 2 scrolls of identify.
  8489 | D:6      | 8489 ||| IDENTIFYING fizzy green potion
  8490 | D:6      | 8490 ||| DROPPING potion of berserk rage.
  8491 | D:6      | 8491 ||| DROPPING potion of ambrosia.
  8536 | D:7      | Noticed Maggie
  8537 | D:7      | 8537 ||| INVOKING Heroism.
  8548 | D:7      | Reached skill level 3 in Dodging
  8560 | D:7      | Killed Maggie
  8560 | D:7      | Reached *** piety under Okawaru
  8879 | D:7      | Found Niuwn's CLEARANCE SALE!.
  9300 | D:7      | Noticed Joseph
  9301 | D:7      | 9301 ||| FLEEEEING.
  9302 | D:7      | 9302 ||| FLEEEEING.
  9303 | D:7      | 9303 ||| FLEEEEING.
  9316 | D:7      | 9316 ||| FLEEEEING.
  9317 | D:7      | 9317 ||| FLEEEEING.
  9318 | D:7      | 9318 ||| FLEEEEING.
  9323 | D:7      | 9323 ||| FLEEEEING.
  9332 | D:7      | 9332 ||| FLEEEEING.
  9333 | D:7      | 9333 ||| FLEEEEING.
  9334 | D:7      | 9334 ||| FLEEEEING.
  9361 | D:7      | 9361 ||| INVOKING Heroism.
  9363 | D:7      | Killed Joseph
  9607 | D:7      | 9607 ||| FLEEEEING.
  9609 | D:7      | 9609 ||| FLEEEEING.
  9701 | D:7      | 9701 ||| Stepping ~*~*~tactically~*~*~ (hiding).
  9991 | D:7      | 9991 ||| DROPPING amulet of magic regeneration.
  9992 | D:7      | 9992 ||| READING scroll labelled PUSCHO KABBA.
  9993 | D:7      | 9993 ||| READING 2 scrolls of identify.
  9993 | D:7      | 9993 ||| IDENTIFYING murky blue potion
 10062 | D:7      | 10062 ||| READING 2 scrolls of teleportation.
 10063 | D:7      | 10063 ||| STAIRDANCE
 10163 | D:7      | 10163 ||| READING scroll of teleportation.
 10164 | D:7      | 10164 ||| STAIRDANCE
 10237 | D:8      | 10237 ||| STAIRDANCE
 10243 | D:7      | Reached XP level 10. HP: 59/60 MP: 14/14
 10260 | D:8      | 10260 ||| Stepping ~*~*~tactically~*~*~ (hiding).
 10267 | D:8      | Reached skill level 11 in Axes
 10269 | D:8      | 10269 ||| INVOKING Heroism.
 10270 | D:8      | HP: 10/60 [electric eel/bolt of electricity (6)]
 10271 | D:8      | 10271 ||| DRINKING potion of heal wounds.
 10277 | D:8      | HP: 8/60 [steam dragon/ball of steam (10)]
 10281 | D:8      | Killed from afar by an electric eel

Levels and vault maps discovered:
D:1:      minmay_arrival_loop, layout_basic, minmay_tromino_v4_b
D:2:      layout_loops_corners, serial_rivers, chequers_serial_rivers_large_b,
          chequers_serial_rivers_small_3, chequers_serial_rivers_room_a,
          chequers_serial_rivers_room_a, chequers_serial_rivers_micro_e,
          basic_altar, uniq_natasha
D:3:      minmay_door_path, layout_rooms, okawaru_metal_pillars_1_2,
          basic_ecumenical_altar
D:4:      layout_rooms, nicolae_hepliaklqana_hippocampus,
          nicolae_ashenzari_skybound, minmay_temple_entry_grid,
          ebering_ghost_gozag
D:5:      layout_rooms, nemelex_xobeh_ov_fountains_minmay, uniq_duvessa
D:6:      layout_layer_cave, uniq_menkaure
D:7:      layout_loops_corners, nicolae_overflow_hidden_temple,
          hangedman_decor_clover_reticule, nicolae_shop_clearance, uniq_maggie,
          uniq_joseph
D:8:      layout_basic, mainiacjoe_overflow_tiny_flanked, dpeg_oklobed_lair,
          serial_bayou, serial_bayou_ford_a, serial_bayou_pond_b,
          serial_bayou_shore_b, serial_bayou_shore_a

Skill      XL: |  1  2  3  4  5  6  7  8  9 10 |
---------------+-------------------------------+-----
Axes           | 3 4 5 6 7 9 10 11 | 11.4
Armour         | 2 3 4 |  4.8
Fighting       | 3 4 5 |  5.9
Invocations    | 2 4 |  4.1
Shields        | 2 3 |  3.4
Dodging        | 3 |  3.5
Throwing       | |  1.0
Spellcasting   | |  2.0
Translocations | |  2.4

Action                   |  1- 3 |  4- 6 |  7- 9 | 10-12 || total
-------------------------+-------+-------+-------+-------++-------
Melee: Hand axe          |    66 |    61 |       |       ||   127
       Kick              |    16 |    26 |    71 |     7 ||   120
       Peck              |    10 |    20 |    52 |     1 ||    83
       Punch             |     1 |       |       |       ||     1
       War axe           |       |    73 |   263 |    15 ||   351
Throw: Boomerang         |     7 |       |    31 |       ||    38
Invok: Heroism           |       |       |    11 |     1 ||    12
  Use: Scroll            |     5 |     4 |    11 |       ||    20
       Potion            |       |     1 |     2 |     1 ||     4
 Stab: Sleeping          |       |     1 |       |       ||     1
Armor: Leather armour    |    15 |     4 |       |       ||    19
       Chain mail        |       |    57 |    88 |     8 ||   153
Dodge: Dodged            |    28 |    57 |   112 |    11 ||   208
Block: Buckler           |       |       |    60 |     3 ||    63

Table legend:
 A = Non-vault XP
 B = Vault XP
 C = Vault XP percentage of total XP
 D = Non-vault monster count
 E = Vault monster count
 F = Vault count percentage of total count
                 A         B        C        D         E       F
            +---------+---------+-------+---------+---------+-------
      Total |    3457 |    1627 |  32.0 |     133 |      13 |   8.9
            +---------+---------+-------+---------+---------+-------
        D:1 |      23 |       6 |  20.7 |      15 |       3 |  16.7
        D:2 |      47 |      35 |  42.7 |      21 |       1 |   4.5
        D:3 |     184 |       0 |   0.0 |      26 |       0 |   0.0
        D:4 |     681 |       0 |   0.0 |      14 |       0 |   0.0
        D:5 |     811 |     226 |  21.8 |      23 |       2 |   8.0
        D:6 |     576 |     172 |  23.0 |       8 |       1 |  11.1
        D:7 |    1116 |     834 |  42.8 |      23 |       2 |   8.0
        D:8 |      19 |     354 |  94.9 |       3 |       4 |  57.1
            +---------+---------+-------+---------+---------+-------
